 Dungeon Crawl Stone Soup version 0.27-a0-1416-g941b2bd30b (webtiles) character file.

Game seed: 6508897992758350257

114 Brandom the Insei (level 4, -4/31 HPs)
             Began as an Octopode Transmuter on July 1, 2021.
             Was an Initiate of Ashenzari.
             Slain by Grinder (8 damage)
             ... while paralysed by Grinder
             ... on level 3 of the Dungeon.
             The game lasted 00:07:57 (2980 turns).

Brandom the Insei (Octopode Transmuter)             Turns: 2980, Time: 00:07:57

Health: -4/31      AC:  1    Str:  9    XL:     4   Next: 97%
Magic:  8/8        EV:  2    Int: 16    God:    Ashenzari [......]
Gold:   105        SH:  0    Dex: 12    Spells: 4/8 levels left

rFire    + . .     SeeInvis .     - Unarmed
rCold    . . .     Faith    .   (no shield)
rNeg     . . .     Spirit   .   (helmet currently unavailable)
rPois    .         Reflect  .   h - amulet of the acrobat
rElec    .         Harm     .   g - ring "Per Aspera Ad Scientiam" {rF+, Self, Comp} (curse)
rCorr    .         Rampage  .   (no ring)
Will     .....                  (no ring)
Stlth    ++........             (no ring)
HPRegen  0.10/turn              (no ring)
MPRegen  0.11/turn              (no ring)
                                (no ring)
                                (no ring)

@: paralysed, appendages (expiring), hasted
A: tentacle spike 3, almost no armour, amphibious, 8 rings, camouflage 1,
gelatinous body 1, (nimble swimmer 1), tentacles
a: End Transformation, Renounce Religion, Shatter the Chains


You were on level 3 of the Dungeon.
You worshipped Ashenzari.
Ashenzari was noncommittal.
One of your tentacles had grown a beastly spike.
You visited 1 branch of the dungeon, and saw 3 of its levels.

You collected 125 gold pieces.
You spent 20 gold pieces at shops.

Inventory:

Missiles
 a - 6 datura-tipped darts (quivered)
Jewellery
 g - the cursed ring "Per Aspera Ad Scientiam" (left tentacle) {rF+, Self, Comp}
   (You found it on level 2 of the Dungeon)

   [ring of protection from fire]

   rF:        It protects you from fire.
   It has a curse which improves the following skills: Introspection: Fighting
   and Spellcasting.
   Companions: Summonings and Necromancy.
 h - an amulet of the acrobat (around mantle)
   (You found it on level 2 of the Dungeon)
Scrolls
 c - a scroll of fear
Potions
 b - a potion of curing {@q1}
 d - a potion of ambrosia
 e - a potion of degeneration {!q}


   Skills:
 * Level 2.7(3.1) Fighting
 + Level 2.7 Dodging
 + Level 3.4 Unarmed Combat
 + Level 2.4(2.8) Spellcasting
 + Level 2.6 Transmutations
 + Level 0.9 Poison Magic


You had 4 spell levels left.
You knew the following spells:

 Your Spells              Type           Power      Damage    Failure   Level
a - Beastly Appendage     Tmut           20%        N/A       6%          1
x - Spider Form           Tmut/Pois      4%         N/A       26%         3

Your spell library contained the following spells:

 Spells                   Type           Power      Damage    Failure   Level
 Wereblood                Tmut           10%        N/A       10%         2
 Ice Form                 Ice/Tmut       6%         N/A       73%         4


Dungeon Overview and Level Annotations

Branches:
Dungeon (3/15)

Altars:
Ashenzari
Okawaru

Shops:
D:1 ?   D:2 !*?

Annotations:
D:3 Grinder


Innate Abilities, Weirdness & Mutations

One of your tentacles has grown a beastly spike.
You cannot wear most types of armour.
You are amphibious.
You can wear up to eight rings at the same time.
Your skin changes colour to match your surroundings (Stealth+).
Your rubbery body absorbs attacks. (AC +1, EV +1)
((You are camouflaged near water. (Stealth+)))
You have tentacles for arms and can constrict up to eight enemies at once.


Message History

You feel sick.
Your transformation is almost over.
You feel sick.
You are no longer poisoned.
Your tentacle spike disappears.
An endoplasm comes into view.
The helpless endoplasm fails to defend itself.
You tentacle-slap the endoplasm. The endoplasm barely misses you.
You tentacle-slap the endoplasm.
You tentacle-slap the endoplasm, but do no damage.
You squeeze the endoplasm.
You kill the endoplasm!
No target in view!
No target in view!
Grinder comes into view.
Grinder shouts!
Here: Grinder The floor.
You feel yourself speed up.
One of your tentacles grows a vicious spike.
Grinder hits you.
You tentacle-slap Grinder but do no damage.
You grab Grinder. You constrict Grinder. Grinder hits you.
You writhe in agony.
You tentacle-slap Grinder but do no damage.
You pierce Grinder, but do no damage.
You constrict Grinder. You tentacle-slap Grinder.
You pierce Grinder, but do no damage.
You constrict Grinder.
Grinder struggles to blink free from constriction.
You tentacle-slap Grinder but do no damage.
You pierce Grinder, but do no damage.
You constrict Grinder, but do no damage.
You tentacle-slap Grinder.
You pierce Grinder, but do no damage.
You constrict Grinder, but do no damage.
Grinder completely misses you.
You barely miss Grinder. You constrict Grinder. Grinder gestures at you.
You suddenly lose the ability to move!
You lose your grip on Grinder.
Grinder barely misses you. Grinder hits you.
You writhe in agony.
* * * LOW HITPOINT WARNING * * *
Your transformation is almost over.
Grinder gestures at you. Pain shoots through your body!
* * * LOW HITPOINT WARNING * * *
Grinder barely misses you. Grinder gestures at you.
Pain shoots through your body!
* * * LOW HITPOINT WARNING * * *
Grinder hits you!
You die...

........#'## #. #####
#...............# #.
#...# #...............#
#. #...#
###...............# #.
+...+ ................>.#
#. #...#
...............#### #.
#...#
...............##### #.
#...#
.......5#..........#####
#...#
.......@.#...##...#.....
#...#
...........#..##..#.†....
†####
............#....#.......
..#
....#####....#..#.....?..
#.#
..........##..##..##.####
#.#
..........##..##..##.#
#.##
.............#..#....#
#..#
............#....#...#
##.##
#########..#..##..#..#


You could see Grinder.

Vanquished Creatures
  An orc wizard (D:3)
  4 adders
  2 worms
  A dart slug (D:3)
  2 orcs (D:3)
  7 ball pythons
  5 endoplasms
  4 giant cockroaches
  4 goblins
  2 hobgoblins (D:1)
  6 jackals (D:1)
  2 quokkas (D:2)
  2 bats (D:2)
  2 frilled lizards (D:1)
  A kobold (D:3)
  4 rats
49 creatures vanquished.

Vanquished Creatures (others)
  An orc (D:3)
1 creature vanquished.

Grand Total: 50 creatures vanquished

Notes
Turn   | Place    | Note
-------+----------+-------------------------------------------
     0 | D:1      | Brandom the Octopode Transmuter began the quest for the
                  | Orb.
     0 | D:1      | Reached XP level 1. HP: 13/13 MP: 3/3
   239 | D:1      | Found Irali's Magic Scroll Shoppe.
   244 | D:1      | You fall into a shaft and drop 1 floor!
   260 | D:2      | Found an iron altar of Okawaru.
   303 | D:1      | Reached XP level 2. HP: 7/18 MP: 1/5
   983 | D:1      | Bought a scroll of identify for 20 gold pieces
  1024 | D:1      | Reached XP level 3. HP: 15/24 MP: 6/6
  1525 | D:2      | Found Ritafet's Assorted Antiques.
  1632 | D:2      | Learned a level 3 spell: Spider Form
  1632 | D:2      | Found Fixtema's Magic Scroll Boutique.
  1816 | D:2      | Found Famuekh's Distillery.
  2118 | D:3      | Reached XP level 4. HP: 6/30 MP: 7/7
  2457 | D:3      | Found a faded altar of an unknown god.
  2477 | D:3      | Became a worshipper of Ashenzari the Shackled
  2963 | D:3      | Noticed Grinder
  2974 | D:3      | Paralysed by Grinder for 7 turns
  2980 | D:3      | Slain by Grinder

Illustrated notes

Levels and vault maps discovered:
D:1:      sevenhm_arrival_forest_fort_large_2, layout_loops_ring, serial_shops,
          nicolae_shop_trees, serial_glass, glass_columns_a, glass_columns_b
D:2:      layout_loops_ring, basic_altar, serial_shops, shop,
          nicolae_diamond_shop, nicolae_square_shop
D:3:      layout_basic, hellmonk_ecumenical_altar_zigzags, grunt_decor_clamped,
          minivault_26, uniq_grinder

Skill      XL: |  1  2  3 |
---------------+----------+-----
Fighting       | 2 |  2.7
Dodging        | |  2.7
Unarmed Combat | |  3.4
Spellcasting   | |  2.4
Transmutations | |  2.6
Poison Magic   | |  0.9

Action                   |  1- 3 |  4- 6 || total
-------------------------+-------+-------++-------
Melee: Unarmed           |   105 |    28 ||   133
       Constrict         |    24 |     7 ||    31
       Tentacles         |    21 |     4 ||    25
       Kick              |    11 |    12 ||    23
       Punch             |     1 |     1 ||     2
Throw: Dart              |     1 |       ||     1
 Cast: Beastly Appendage |    13 |     5 ||    18
Invok: Curse Item        |       |     1 ||     1
  Use: Scroll            |     2 |       ||     2
       Potion            |       |     2 ||     2
 Stab: Sleeping          |     6 |     3 ||     9
Armor: Skin              |     8 |     1 ||     9
Dodge: Dodged            |    65 |    15 ||    80

Table legend: (Time is in decaauts)
 A = Elapsed time spent in this place.
 B = Non-inter-level travel time spent in this place.
 C = Inter-level travel time spent in this place.
 D = Time resting spent in this place.
 E = Time spent auto-exploring this place.
 F = Levels seen in this place.
 G = Mean time per level.
                   A        B        C        D        E       F      G
               +--------+--------+--------+--------+--------+-----+--------+
         Total |   2968 |   2946 |     22 |    390 |   2149 |   3 |  989.3 |
       Dungeon |   2968 |   2946 |     22 |    390 |   2149 |   3 |  989.3 |
               +--------+--------+--------+--------+--------+-----+--------+

Top non-repeatable levels by time:
     D:1: 1356 daAuts
     D:3: 897 daAuts
     D:2: 713 daAuts
